 Dungeon Crawl Stone Soup version 0.16-a0-3061-g1c4ddba (webtiles) character file.

109 PolkaDot the Caller (level 4, -7/34 HPs)
             Began as a Vampire Summoner on Dec 10, 2014.
             Killed by divine providence
             ... invoked by an orc priest
              (13 damage)
             ... on level 3 of the Dungeon.
             The game lasted 00:11:22 (2271 turns).

PolkaDot the Caller (Vampire Summoner)              Turns: 2271, Time: 00:11:22

Health: -7/34      AC:  3    Str:  7    XL:     4   Next: 59%
Magic:  2/7        EV: 12    Int: 18    God:
Gold:   119        SH:  0    Dex: 14    Spells: 3 memorised, 1 level left

rFire  . . .     SeeInvis +     k - +2 trident (pierce)
rCold  . . .     Clarity  .     a - +0 robe
rNeg   . . .     SustAb   .     (no shield)
rPois  .         Gourm    .     (no helmet)
rElec  .         Spirit   .     l - +0 cloak
rCorr  .         Warding  .     (no gloves)
rMut   .         Stasis   .     (no boots)
MR     .....                    (no amulet)
Stlth  ++........               (no ring)
                                (no ring)

@: regenerating very quickly, not resistant to hostile enchantments, unstealthy
A: bottle blood, fangs 3, see invisible, unbreathing
a: no special abilities


You were on level 3 of the Dungeon.
You were almost alive.

You visited 1 branch of the dungeon, and saw 3 of its levels.

You collected 119 gold pieces.

Inventory:

Hand weapons
 k - a +2 trident of piercing (weapon)
Armour
 a - a +0 robe (worn)
 l - a +0 cloak (worn)
Jewellery
 h - an uncursed ring of sustain abilities {unknown}
Scrolls
 e - a scroll of random uselessness {unknown}
 f - a scroll of enchant weapon {unknown}
 i - 5 scrolls of identify {unknown}
Potions
 d - a potion of might
 g - a potion of brilliance
 j - a potion of blood {@*1}
Books
 b - a book of Callings

   Spells                             Type                      Level
   a - Summon Small Mammal            Summoning                    1
   b - Call Imp                       Summoning                    2
   c - Call Canine Familiar           Summoning                    3
   d - Summon Guardian Golem          Hexes/Summoning              4
   e - Summon Lightning Spire         Summoning/Air                4
   f - Summon Ice Beast               Ice/Summoning                4


   Skills:
 * Level 2.9 Fighting
 - Level 2.1 Dodging
 - Level 3.0 Stealth
 - Level 2.0 Spellcasting
 + Level 4.9 Summonings


You had one spell level left.
You knew the following spells:

 Your Spells              Type           Power        Failure   Level  Hunger
a - Summon Small Mammal   Summ           ###.         2%          1    #......
d - Call Canine Familiar  Summ           ###.....     10%         3    ###....
s - Call Imp              Summ           ###.....     4%          2    ###....


Dungeon Overview and Level Annotations

Branches:
Dungeon (3/15)

Altars:


Innate Abilities, Weirdness & Mutations

Your natural rate of healing is extremely fast.
You can bottle blood from corpses.
You have razor-sharp teeth.
You have supernaturally acute eyesight.
You can survive without breathing.


Message History

The orc wizard closely misses your crimson imp.
The orc priest closely misses you.
The orc priest barely misses your crimson imp.
The orc hits you with a whip.
* * * LOW HITPOINT WARNING * * *
Your crimson imp barely misses the orc wizard.
Your white imp barely misses the orc wizard.
Your crimson imp hits the orc priest but does no damage.
Drink which item? (? for menu, Esc to quit)
Okay, then.
Unknown command.
The orc wizard hits your crimson imp with a dagger of holy wrath.
Your crimson imp convulses.
Your crimson imp hits the orc wizard.
Your white imp hits the orc wizard.
Your white imp freezes the orc wizard.
The orc wizard dies!
The orc hits your crimson imp.
Your crimson imp blinks! x2
The orc priest invokes the aid of Beogh against you.
Something smites you!
You die...

###### #....### ####
#......#####..... #########
#......##........
#.......######....##....5.$.
........#.........##.5.).....
........#)........##...).....
........'....................
........######..@o..o.......
#.......#......#+#o.....##..
......>...).............# #
#....#....)<....(.......+
#....#.......#.#.#......#
#....#...#####........###
#......................
.........%...... .....
..#............. .


You could see an orc priest, 2 orcs and a friendly white imp.

Vanquished Creatures
  4 adders
  A worm (D:2)
  4 bats
  8 hobgoblins
  A jackal (D:1)
  6 kobolds
  2 ball pythons
  4 goblins
  3 rats
33 creatures vanquished.

Vanquished Creatures (collateral kills)
  An orc wizard (D:3)
  An adder (D:2)
  A worm (D:3)
  An orc (D:3)
  A bat (D:3)
  2 giant cockroaches (D:1)
  A hobgoblin (D:1)
  3 goblins
11 creatures vanquished.

Vanquished Creatures (others)
  A hound (D:3)
  2 quokkas (D:2)
  A bat (D:2)
4 creatures vanquished.

Grand Total: 48 creatures vanquished

Notes
Turn   | Place    | Note
--------------------------------------------------------------
     0 | D:1      | PolkaDot, the Vampire Summoner, began the quest for the Orb.
     0 | D:1      | Reached XP level 1. HP: 13/13 MP: 3/3
   650 | D:1      | Reached skill level 1 in Fighting
   650 | D:1      | Reached XP level 2. HP: 19/21 MP: 4/4
  1164 | D:2      | Learned a level 2 spell: Call Imp
  1229 | D:2      | Reached XP level 3. HP: 18/27 MP: 6/6
  1366 | D:2      | Learned a level 3 spell: Call Canine Familiar
  1797 | D:2      | Reached XP level 4. HP: 32/34 MP: 7/7
  2271 | D:3      | Killed from afar by an orc priest

Action                   |  1- 3 |  4- 6 || total
-------------------------+-------+-------++-------
Melee: Unarmed           |    32 |       ||    32
       Dagger            |     9 |       ||     9
       Short sword       |    65 |       ||    65
       Trident           |    19 |    27 ||    46
 Cast: Summon Small Mamm |     8 |       ||     8
       Call Canine Famil |     1 |     2 ||     3
       Call Imp          |       |     5 ||     5
  Use: Potion            |     5 |     7 ||    12
 Stab: Sleeping          |     6 |     3 ||     9
  Eat: Corpse            |    10 |       ||    10
